 Dungeon Sprint DCSS version 0.21.1-1-g345015f (webtiles) character file.

214 Fang the Chopper (level 5, 0/57 HPs)
             Began as a Gargoyle Berserker on July 22, 2018.
             Was an Elder of Trog.
             Slain by a flying skull (11 damage)
             ... in the Dungeon (Sprint VII: "The Pits") on July 23, 2018.
             The game lasted 00:03:25 (652 turns).

Fang the Chopper (Gargoyle Berserker)                Turns: 652, Time: 00:03:26

Health: 0/57       AC:  6    Str: 27    XL:     5   Next: 92%
Magic:  5/5        EV: 13    Int:  7    God:    Trog [****..]
Gold:   0          SH:  0    Dex:  9    Spells: 4/4 levels left

rFire    . . .     SeeInvis .   n - +2 hand axe (freeze)
rCold    . . .     Gourm    .   (no shield)
rNeg     + . .     Faith    .   b - +0 animal skin
rPois    ∞         Spirit   .   (no helmet)
rElec    +         Reflect  .   (no cloak)
rCorr    .         Harm     .   (no gloves)
MR       .....     NoTele   +   (no boots)
Stlth    ..........             (no amulet)
HPRegen  0.19/turn              (no ring)
MPRegen  0.09/turn              (no ring)

@: berserking (expiring), very quick
A: negative energy resistance 1, electricity resistance, unbreathing,
petrification resistance, rot immunity, AC +4
a: Berserk, Trog's Hand, Brothers in Arms, Burn Spellbooks, Renounce Religion


You were in the Dungeon.
You worshipped Trog.
Trog was greatly pleased with you.
You were very hungry.

You visited 1 branch

Inventory:

Hand Weapons
 n - a +2 hand axe of freezing (weapon)
Armour
 b - a +0 animal skin (worn)
Scrolls
 i - a scroll of blinking
 k - 3 scrolls of remove curse
 l - a scroll of summoning
Potions
 a - 2 potions of invisibility
 d - 6 potions of curing
 e - 5 potions of heal wounds
 f - a potion of haste
 g - 4 potions of magic
 h - 3 potions of berserk rage
Comestibles
 c - 9 rations
 m - 2 chunks of flesh


   Skills:
 + Level 7.5 Fighting
 + Level 7.8 Axes
 + Level 4.1 Armour
 + Level 3.9 Dodging
 + Level 1.9 Stealth


You had 4 spell levels left.
You didn't know any spells.

Dungeon Overview and Level Annotations

Branches:
Dungeon (1/1)

Altars:
Cheibriados
Dithmenos
Elyvilon
Fedhas
Gozag
Hepliaklqana
Makhleb
Nemelex Xobeh
Okawaru
Qazlal
Ru
Sif Muna
Trog
Vehumet
Wu Jian
Xom
Yredelemnul
Zin
The Shining One
Beogh
Jiyva
Lugonu


Innate Abilities, Weirdness & Mutations

You are resistant to torment.
Your stone body is resilient. (AC +4)
You are immune to poison.
You resist negative energy. (rN+)
You are resistant to electric shocks. (rElec)
You can survive without breathing.
You are immune to petrification.
You are immune to rotting.


Message History

The orc warrior is almost dead.
The orc priest begins to cast a cantrip, but forgets the words!
You slash the orc warrior! You freeze the orc warrior.
You feel the power of Trog in you as your rage grows.
You kill the orc warrior!
Trog accepts your kill.
Your Fighting skill increases to level 7!
Your Axes skill increases to level 7!
Your Armour skill increases to level 4!
Unknown command.
Unknown command.
You barely miss the flying skull. The flying skull misses you.
You slash the flying skull! You freeze the flying skull.
The flying skull is heavily damaged.
The flying skull hits you.
* * * LOW HITPOINT WARNING * * *
Unknown command.
You miss the flying skull.
The flying skull is heavily damaged.
The flying skull hits you!
You die...

##########.##.....
#...........'.....
#'#####'#####.....
#.#..#..#..##.....
#.#..'..').#####'#
#.##'####'###.....
#.#..).....##.....
#.#...)....##.....
#@#####'#####...<.
#z#...)))[.##.....
#o#...)))[.##.....
#o###########.....
#Jl.....# ######
#..###..# #...
##.## .l


You could see a flying skull, a jelly, an orc priest, an orc and a leopard
gecko.

Vanquished Creatures
  An orc warrior (D)
  A jelly (D)
  2 worker ants (D)
  Terence (D)
  A gnoll (D)
  An ooze (D)
  An adder zombie (D)
  A leopard gecko (D)
  An orc (D)
  A quokka (D)
  A ball python (D)
  A frilled lizard (D)
13 creatures vanquished.

Notes
Turn   | Place    | Note
-------+----------+-------------------------------------------
     0 | D        | Fang the Gargoyle Berserker began the quest for the Orb.
     0 | D        | Reached XP level 1. HP: 14/14 MP: 1/1
    23 | D        | Found a bloodstained altar of Trog.
    23 | D        | Found a deep blue altar of Sif Muna.
    23 | D        | Found a viscous altar of Jiyva.
    23 | D        | Found a hazy altar of Hepliaklqana.
    23 | D        | Found an opulent altar of Gozag.
    24 | D        | Found a glowing golden altar of the Shining One.
    24 | D        | Found a glowing silver altar of Zin.
    24 | D        | Found a basalt altar of Yredelemnul.
    24 | D        | Found a shimmering altar of Xom.
    24 | D        | Found an ornate altar of the Wu Jian Council.
    24 | D        | Found a sacrificial altar of Ru.
    24 | D        | Found a stormy altar of Qazlal.
    24 | D        | Found an iron altar of Okawaru.
    24 | D        | Found a sparkling altar of Nemelex Xobeh.
    24 | D        | Found a burning altar of Makhleb.
    24 | D        | Found a blossoming altar of Fedhas.
    24 | D        | Found a white marble altar of Elyvilon.
    24 | D        | Found a shadowy altar of Dithmenos.
    24 | D        | Found a snail-covered altar of Cheibriados.
    26 | D        | Found a radiant altar of Vehumet.
    26 | D        | Found a corrupted altar of Lugonu.
    26 | D        | Found a roughly hewn altar of Beogh.
   116 | D        | Noticed a worker ant
   119 | D        | HP: 1/22 [gnoll/spear (2)]
   120 | D        | Killed a worker ant
   120 | D        | Reached ** piety under Trog
   120 | D        | Reached skill level 5 in Fighting
   120 | D        | Reached XP level 2. HP: 1/21 MP: 2/2
   120 | D        | Reached XP level 3. HP: 2/26 MP: 3/3
   417 | D        | Reached *** piety under Trog
   489 | D        | Noticed Terence
   496 | D        | Killed Terence
   496 | D        | Reached skill level 5 in Axes
   496 | D        | Reached XP level 4. HP: 32/32 MP: 4/4
   634 | D        | Noticed an orc warrior
   636 | D        | Noticed a flying skull
   644 | D        | Reached **** piety under Trog
   644 | D        | Reached skill level 1 in Stealth
   645 | D        | Reached XP level 5. HP: 31/37 MP: 5/5
   649 | D        | Killed an orc warrior
   652 | D        | Slain by a flying skull

Skill      XL: |  1  2  3  4  5 |
---------------+----------------+-----
Axes           | 4 5 6 7 |  7.8
Fighting       | 5 6 7 |  7.5
Armour         | 3 4 |  4.1
Dodging        | 2 3 |  3.9
Stealth        | 1 |  1.9

Action                   |  1- 3 |  4- 6 || total
-------------------------+-------+-------++-------
Melee: Hand axe          |    29 |    13 ||    42
Invok: Berserk           |     2 |     1 ||     3
  Use: Potion            |       |     1 ||     1
  Eat: Chunk             |       |     1 ||     1
Armor: Animal skin       |     9 |     1 ||    10
Dodge: Dodged            |    24 |     6 ||    30
